 Dungeon Crawl Stone Soup version 0.24-a0-203-gf0bc1e94ae (webtiles) character file.

Game seed: 5939469405306793811

91 HELP the Grasshopper (level 4, -1/38 HPs)
             Began as a Gnoll Warper on Mar 27, 2019.
             Slain by a kobold
             ... wielding a +0 whip
              (6 damage)
             ... on level 3 of the Dungeon.
             The game lasted 00:06:46 (3178 turns).

HELP the Grasshopper (Gnoll Warper)                 Turns: 3178, Time: 00:06:46

Health: -1/38      AC:  4    Str: 13    XL:     4   Next: 57%
Magic:  9/11       EV: 11    Int: 16    God:
Gold:   85         SH:  0    Dex: 15    Spells: 0/13 levels left

rFire    . . .     SeeInvis .   a - +0 mace
rCold    . . .     Gourm    .   (no shield)
rNeg     . . .     Faith    .   b - +0 leather armour
rPois    .         Spirit   .   (no helmet)
rElec    .         Reflect  .   i - +0 cloak
rCorr    .         Harm     .   (no gloves)
MR       .....                  (no boots)
Stlth    ++........             (no amulet)
HPRegen  0.12/turn              (no ring)
MPRegen  0.12/turn              (no ring)

@: constricted
A: distributed training, fangs 1, strong nose
a: no special abilities


You were on level 3 of the Dungeon.
You were not hungry.

You visited 1 branch of the dungeon, and saw 3 of its levels.

You collected 85 gold pieces.

Inventory:

Hand Weapons
 a - a +0 mace (weapon)
Missiles
 c - 18 sling bullets
 e - 5 tomahawks of dispersal (quivered)
Armour
 b - a +0 leather armour (worn)
 i - a +0 cloak (worn)
Wands
 k - a wand of polymorph (6)
Scrolls
 d - a scroll of blinking
 g - 2 scrolls of remove curse {unknown}
 h - 7 scrolls of identify {unknown}
 n - a scroll of teleportation {unknown}
 p - a scroll of enchant weapon {unknown}
Potions
 j - a potion of magic {unknown}
 l - 2 potions of curing {unknown}
 m - a potion of cancellation {unknown}
 o - a potion of haste {unknown}
Comestibles
 f - 5 rations
 q - 2 chunks of flesh


   Skills:
 + Level 4.6 Fighting
 + Level 1.1 Short Blades
 + Level 1.1 Long Blades
 + Level 1.1 Axes
 + Level 4.6 Maces & Flails
 + Level 1.1 Polearms
 + Level 1.1 Staves
 + Level 1.1 Slings
 + Level 1.1 Bows
 + Level 1.1 Crossbows
 + Level 2.7 Throwing
 + Level 2.7 Armour
 + Level 4.6 Dodging
 + Level 1.1 Stealth
 + Level 1.1 Shields
 + Level 1.1 Unarmed Combat
 + Level 5.1 Spellcasting
 + Level 0.9 Conjurations
 + Level 0.9 Hexes
 + Level 0.9 Charms
 + Level 0.9 Summonings
 + Level 0.9 Necromancy
 + Level 5.4 Translocations
 + Level 0.9 Transmutations
 + Level 0.9 Fire Magic
 + Level 0.9 Ice Magic
 + Level 0.9 Air Magic
 + Level 0.9 Earth Magic
 + Level 0.9 Poison Magic
 + Level 1.2 Invocations
 + Level 1.1 Evocations


You couldn't memorise any spells.
You knew the following spells:

 Your Spells              Type           Power        Failure   Level  Hunger
a - Blink                 Tloc           N/A          3%          2    #......
b - Lesser Beckoning      Tloc           ###.......   6%          3    ###....
s - Shroud of Golubria    Chrm/Tloc      ##........   8%          2    #......
t - Teleport Other        Tloc           ###.....     6%          3    ###....
x - Gell's Gravitas       Tloc           ###.......   6%          3    ###....

Your spell library contained the following spells:

 Spells                   Type           Power        Failure   Level  Hunger
 Passage of Golubria      Tloc           N/A          21%         4    ####...


Dungeon Overview and Level Annotations

Branches:
Dungeon (3/15)

Altars:

Annotations:
D:2 Sigmund
D:3 Natasha


Innate Abilities, Weirdness & Mutations

Your experience applies equally to all skills.
You have very sharp teeth.
Your uncanny sense of smell can sniff out nearby items.


Message History

The ball python bites you but does no damage.
The ball python constricts you. The kobold hits you but does no damage.
Your shroud bends Natasha's attack away!
The ball python closely misses you. The ball python constricts you.
You hit Natasha.
Natasha is moderately wounded.
Your shroud bends the kobold's attack away.
Natasha closely misses you. The ball python barely misses you.
The ball python constricts you.
You barely miss Natasha.
Natasha is moderately wounded.
The ball python barely misses you. The ball python constricts you.
Natasha barely misses you. The kobold hits you with a +0 whip.
* * * LOW HITPOINT WARNING * * *
The ball python bites you but does no damage.
The ball python constricts you. Natasha claws you.
* * * LOW HITPOINT WARNING * * *
Your shroud falls apart!
The kobold hits you with a +0 whip.
You die...

.........ยง.....
..................
..............)....
....................
...............^....
....................
....................
..........SKh.......
...........@.%...(..
.................!..
............(.......
....................
........?...........
....................
....................
...................
................


You could see Natasha, a ball python and a kobold.

Vanquished Creatures
  3 adders (D:2)
  A worm (D:2)
  3 leopard geckos
  A giant cockroach (D:2)
  6 goblins
  9 hobgoblins
  8 jackals
  5 kobolds
  8 bats
  4 frilled lizards (D:2)
  4 rats
52 creatures vanquished.

Notes
Turn   | Place    | Note
-------+----------+-------------------------------------------
     0 | D:1      | HELP the Gnoll Warper began the quest for the Orb.
     0 | D:1      | Reached XP level 1. HP: 20/20 MP: 6/6
   254 | D:1      | Reached XP level 2. HP: 22/26 MP: 7/7
   268 | D:1      | Learned a level 2 spell: Blink
   271 | D:1      | Learned a level 2 spell: Shroud of Golubria
   873 | D:1      | Reached XP level 3. HP: 20/31 MP: 9/9
  1297 | D:2      | Reached skill level 5 in Spellcasting
  1601 | D:2      | Reached skill level 1 in Invocations
  1924 | D:2      | Noticed Sigmund
  2043 | D:2      | Learned a level 3 spell: Teleport Other
  2089 | D:2      | Reached skill level 1 in Short Blades
  2089 | D:2      | Reached skill level 1 in Long Blades
  2089 | D:2      | Reached skill level 1 in Axes
  2089 | D:2      | Reached skill level 1 in Polearms
  2089 | D:2      | Reached skill level 1 in Staves
  2089 | D:2      | Reached skill level 1 in Slings
  2089 | D:2      | Reached skill level 1 in Bows
  2089 | D:2      | Reached skill level 1 in Crossbows
  2089 | D:2      | Reached skill level 1 in Stealth
  2089 | D:2      | Reached skill level 1 in Shields
  2089 | D:2      | Reached skill level 1 in Unarmed Combat
  2089 | D:2      | Reached skill level 1 in Evocations
  2110 | D:2      | Reached XP level 4. HP: 37/38 MP: 11/11
  2135 | D:2      | Learned a level 3 spell: Gell's Gravitas
  2167 | D:2      | Learned a level 3 spell: Lesser Beckoning
  3160 | D:3      | Noticed Natasha
  3178 | D:3      | Slain by a kobold

Levels and vault maps discovered:
D:1:      nzn_arrival_depleted_hourglass, layout_basic, minmay_misc_feat_alley
D:2:      layout_basic, uniq_sigmund
D:3:      layout_basic, nicolae_overflow_hidden_temple,
          overflow_temple_1_default, uniq_jessica, uniq_natasha

Skill      XL: |  1  2  3 |
---------------+----------+-----
Spellcasting   | 5 |  5.1
Invocations    | 1 |  1.2
Short Blades   | 1 |  1.1
Long Blades    | 1 |  1.1
Axes           | 1 |  1.1
Polearms       | 1 |  1.1
Staves         | 1 |  1.1
Slings         | 1 |  1.1
Bows           | 1 |  1.1
Crossbows      | 1 |  1.1
Stealth        | 1 |  1.1
Shields        | 1 |  1.1
Unarmed Combat | 1 |  1.1
Evocations     | 1 |  1.1
Fighting       | |  4.6
Maces & Flails | |  4.6
Throwing       | |  2.7
Armour         | |  2.7
Dodging        | |  4.6
Conjurations   | |  0.9
Hexes          | |  0.9
Charms         | |  0.9
Summonings     | |  0.9
Necromancy     | |  0.9
Translocations | |  5.4
Transmutations | |  0.9
Fire Magic     | |  0.9
Ice Magic      | |  0.9
Air Magic      | |  0.9
Earth Magic    | |  0.9
Poison Magic   | |  0.9

Action                   |  1- 3 |  4- 6 || total
-------------------------+-------+-------++-------
Melee: Mace              |   131 |    64 ||   195
       Bite              |     9 |     7 ||    16
 Cast: Shroud of Golubri |     2 |     3 ||     5
 Stab: Sleeping          |     1 |     2 ||     3
  Eat: Chunk             |     4 |     3 ||     7
Armor: Leather armour    |    42 |    24 ||    66
Dodge: Dodged            |   110 |    56 ||   166

Table legend:
 A = Non-vault XP
 B = Vault XP
 C = Vault XP percentage of total XP
 D = Non-vault monster count
 E = Vault monster count
 F = Vault count percentage of total count
                 A         B        C        D         E       F
            +---------+---------+-------+---------+---------+-------
      Total |     130 |       0 |   0.0 |      52 |       0 |   0.0
            +---------+---------+-------+---------+---------+-------
        D:1 |      37 |       0 |   0.0 |      19 |       0 |   0.0
        D:2 |      91 |       0 |   0.0 |      32 |       0 |   0.0
        D:3 |       2 |       0 |   0.0 |       1 |       0 |   0.0
            +---------+---------+-------+---------+---------+-------
